 Seeded DCSS version 0.28.0-53-g5a82cb258f (webtiles) character file.

Game seed: 11550032863229859772 (custom seed)

1034 MiltankisOP the Ruffian (level 8, 83/83 HPs)
             Began as a Troll Monk on June 14, 2022.
             Quit the game on level 4 of the Dungeon.
             The game lasted 00:05:58 (3322 turns).

MiltankisOP the Ruffian (Troll Monk)                Turns: 3322, Time: 00:05:59

Health: 83/83      AC:  4    Str: 22    XL:     8   Next: 3%
Magic:  7/7        EV: 10    Int:  6    God:
Gold:   165        SH:  0    Dex: 12    Spells: 7/7 levels left

rFire   . . .      SeeInvis .     - Unarmed
rCold   . . .      Faith    .   (no shield)
rNeg    . . .      Spirit   .   a - +0 robe
rPois   .          Reflect  .   (helmet restricted)
rElec   .          Harm     .   (no cloak)
rCorr   .          Rampage  .   (gloves unavailable)
Will    .....                   (boots unavailable)
Stlth   ++........              (no amulet)
HPRegen 1.03/turn               (no ring)
MPRegen 0.10/turn               (no ring)

@: no status effects
A: large, unfitting armour, claws 3, regeneration 1, shaggy fur 1, tough skin 1
a: no special abilities


You were on level 4 of the Dungeon.
You visited 2 branches of the dungeon, and saw 5 of its levels.

You collected 165 gold pieces.

Inventory:

Armour
 a - a +0 robe (worn)
Jewellery
 h - a ring of willpower
 n - a ring of see invisible
Scrolls
 b - 2 scrolls of amnesia {unknown}
 d - a scroll of holy word {unknown}
 e - 3 scrolls of fog {unknown}
 f - a scroll of teleportation {unknown}
 i - 2 scrolls of magic mapping {unknown}
 l - a scroll of acquirement {unknown}
 r - a scroll of blinking {unknown}
Potions
 c - a potion of curing {unknown}
 g - 2 potions of flight {unknown}
 j - a potion of magic {unknown}
 k - a potion of might {unknown}
 m - a potion of haste {unknown}
 o - a potion of mutation {unknown}
 p - a potion of ambrosia {unknown}
 q - a potion of heal wounds {unknown}


   Skills:
 * Level 5.9 Fighting
 - Level 2.5 Dodging
 - Level 1.1 Stealth
 + Level 7.3 Unarmed Combat


You had 7 spell levels left.
You didn't know any spells.
Your spell library contained the following spells:

 Spells                   Type           Power      Damage    Failure   Level
 Slow                     Hex            0%         N/A       45%         1
 Static Discharge         Conj/Air       0%         N/A       58%         2
 Confusing Touch          Hex            0%         N/A       83%         3
 Vampiric Draining        Necr           0%         2d6       83%         3
 Lightning Bolt           Conj/Air       0%         1d11      100%        5
 Maxwell's Capacitive Co  Air            0%         ∞         100%        8


Dungeon Overview and Level Annotations

Branches:
Dungeon (4/15)             Temple (1/1) D:4

Altars:
Ashenzari
Cheibriados
Elyvilon
Fedhas
Gozag
Hepliaklqana
Makhleb
Okawaru
Qazlal
Sif Muna
Trog
Uskayaw
Vehumet
Xom
Zin
The Shining One

Shops:
D:3 ((?


Innate Abilities, Weirdness & Mutations

You are too large for most types of armour.
You have claws for hands.
Your natural rate of healing is unusually fast.
You are covered in fur. (AC +1)
You have tough skin. (AC +1)


Message History

The adder skeleton closely misses you.
You barely miss the adder skeleton.
The ball python hisses angrily.
The adder skeleton bites you but does no damage.
You closely miss the adder skeleton. The adder skeleton closely misses you.
You barely miss the adder skeleton. The adder skeleton bites you.
You scratch the adder skeleton.
The adder skeleton is moderately damaged.
You claw the ball python!
You kill the ball python!
You mangle the adder skeleton!!
You destroy the adder skeleton!
No target in view!
No target in view!
No target in view!
No target in view!
No target in view!
No target in view!
No target in view!
No target in view!
No target in view!
No target in view!
e - 3 scrolls labelled JETEKE LOYSUE (gained 1)
r - a scroll labelled SENOSY SOTAPH No target in view!
Found 14 stones.
No target in view!
You see here a +0 dagger.
Done exploring.
Done exploring.
Done exploring.
(D) Dungeon (T) Temple
Where to? (Enter - Temple @ (x,y), ? - help)
What level of the Dungeon? (default 1, ? - help)
Okay, then.
Unknown command.
Unknown command.
Annotate which branch? (. - D:4, ? - help, ! - show branch list)
Okay, then.
Are you sure you want to abandon this character and quit the game? (Confirm with "yes".)

####### #####
###.....### #...#
##.......(.#
#...###..........##
#..@##............#
#.................#
#....#............#
#....###..........##
##......###....÷....#
#..........###......#
#......##.....######.
#.....#######.....##.
#.....# #####....


There were no monsters in sight!

Vanquished Creatures
  Sigmund (D:2)
  Eustachio (D:4)
  An ice beast (D:3)
  A necrophage (D:4)
  A black bear (D:4)
  An ogre (D:4)
  2 scorpions
  2 orc priests (D:3)
  Jessica (D:3)
  An iguana (D:4)
  A hound skeleton (D:4)
  5 adders
  2 ufetubi (D:4)
  An adder skeleton (D:4)
  2 worms
  3 dart slugs
  6 orcs (D:3)
  4 bats
  8 endoplasms
  8 hobgoblins
  2 jackals (D:1)
  7 kobolds
  6 quokkas
  7 ball pythons
  A frilled lizard (D:2)
  4 goblins
  A rat (D:1)
80 creatures vanquished.

Vanquished Creatures (others)
  18 plants (D:2)
18 creatures vanquished.

Grand Total: 98 creatures vanquished

Notes
Turn   | Place    | Note
-------+----------+-------------------------------------------
     0 | D:1      | MiltankisOP the Troll Monk began the quest for the Orb.
     0 | D:1      | Reached XP level 1. HP: 22/22 MP: 0/0
   175 | D:1      | Reached XP level 2. HP: 29/29 MP: 1/1
   492 | D:1      | Found a faded altar of an unknown god.
   610 | D:2      | Found a radiant altar of Vehumet.
   745 | D:2      | Reached XP level 3. HP: 35/35 MP: 2/2
  1019 | D:2      | Reached skill level 4 in Unarmed Combat
  1172 | D:2      | Noticed Sigmund
  1182 | D:2      | Killed Sigmund
  1183 | D:2      | Reached skill level 5 in Unarmed Combat
  1183 | D:2      | Reached XP level 4. HP: 22/45 MP: 3/3
  1183 | D:2      | Reached XP level 5. HP: 26/53 MP: 4/4
  1773 | D:3      | Noticed Jessica
  1774 | D:3      | Killed Jessica
  1775 | D:3      | Reached skill level 6 in Unarmed Combat
  1775 | D:3      | Reached XP level 6. HP: 61/61 MP: 5/5
  1876 | D:3      | Noticed an ice beast
  1883 | D:3      | Killed an ice beast
  1945 | D:3      | Found Xiuggo's Weapon Shoppe.
  2040 | D:3      | Found Aghanog's Magic Scroll Emporium.
  2094 | D:3      | Found Uhedoth's Antique Weapon Shoppe.
  2467 | D:4      | Reached XP level 7. HP: 66/71 MP: 6/6
  2673 | D:4      | Noticed Eustachio
  2676 | D:4      | Found a staircase to the Ecumenical Temple.
  2681 | D:4      | Killed Eustachio
  2682 | D:4      | Reached skill level 5 in Fighting
  2702 | D:4      | Reached skill level 7 in Unarmed Combat
  2704 | Temple   | Entered the Ecumenical Temple
  3019 | D:4      | Reached XP level 8. HP: 50/83 MP: 7/7
  3322 | D:4      | Quit the game

Illustrated notes

Levels and vault maps discovered:
D:1:      minmay_arrival_radiant_lines, layout_loops_ring,
          shapermc_ecumenical_altar_ellora
D:2:      wad_woods_stonehenge, layout_loops_ring, serial_forest,
          infiniplex_forest_clump_small, infiniplex_forest_straight_2,
          infiniplex_forest_lined_2, infiniplex_forest_zigzag_1,
          infiniplex_forest_zigzag_1, minivault_19, uniq_sigmund,
          uniq_crazy_yiuf_cottage
D:3:      layout_loops_ring, serial_shops, shop, nicolae_lakefront_shop,
          nicolae_shop_behind_doors, minmay_misc_feat_five, uniq_jessica
D:4:      layout_cave_pods, minmay_temple_entry_sparse_star, uniq_eustachio
Temple:   nicolae_temple_x_marks_the_god

Skill      XL: |  1  2  3  4  5  6  7 |
---------------+----------------------+-----
Unarmed Combat | 5 6 7 |  7.3
Fighting       | 3 4 5 |  5.9
Dodging        | |  2.5
Stealth        | |  1.1

Action                   |  1- 3 |  4- 6 |  7- 9 || total
-------------------------+-------+-------+-------++-------
Melee: Unarmed           |   120 |    73 |    47 ||   240
       Punch             |     6 |     1 |     3 ||    10
 Stab: Sleeping          |     1 |     3 |       ||     4
Armor: Robe              |    27 |    12 |    11 ||    50
Dodge: Dodged            |    46 |    29 |    22 ||    97
